 Dungeon Crawl Stone Soup version 0.29.1-2-gbd0b4ee654 (webtiles) character file.

Game seed: 18267308159170782878

74 RascalDebosk the Magician (level 4, -4/33 HPs)
             Began as a Djinni Conjurer on Oct 24, 2022.
             Constricted to death by Grinder (8 damage)
             ... on level 3 of the Dungeon.
             The game lasted 00:09:59 (2302 turns).

RascalDebosk the Magician (Djinni Conjurer)         Turns: 2302, Time: 00:10:00

Health: -4/33      AC:  9    Str:  6    XL:     4   Next: 54%
Gold:   100        EV:  9    Int: 22    God:
                   SH:  0    Dex: 11

rFire   + + .      SeeInvis .   (no weapon)
rCold   x . .      Faith    .   (no shield)
rNeg    . . .      Spirit   .   a - +0 robe
rPois   ∞          Reflect  .   (no helmet)
rElec   .          Harm     .   f - +2 cloak
rCorr   .          Rampage  .   (no gloves)
Will    .....                   (boots unavailable)
Stlth   ++........              (no amulet)
HPRegen 0.11/turn               e - +4 ring of protection
MPRegen 0.00/turn               (no ring)

@: grasped by roots, flying, constricted
A: sickness immunity, fire resistance 2, cold vulnerability 1, float, innate
caster, HP casting, extra vitality 1
a: no special abilities


You were on level 3 of the Dungeon.
You visited 1 branch of the dungeon, and saw 3 of its levels.

You collected 100 gold pieces.

Inventory:

Armour
 a - a +0 robe (worn)
 f - a +2 cloak (worn)
Jewellery
 e - a +4 ring of protection (left hand)
Scrolls
 b - 2 scrolls of teleportation {unknown}
 c - a scroll of butterflies {unknown}
 g - a scroll of fear {unknown}
 i - a scroll of noise {unknown}
 j - a scroll of identify {unknown}
Potions
 d - a potion of brilliance {unknown}
 h - a potion of heal wounds {unknown}


   Skills:
 + Level 1.9 Fighting
 - Level 2.1 Dodging
 - Level 1.5 Stealth
 * Level 4.1 Spellcasting


You couldn't memorise any spells.
You knew the following spells:

 Your Spells              Type           Power      Damage    Failure   Level
a - Magic Dart            Conj           88%        1d7       1%          1
b - Searing Ray           Conj           44%        2d6       3%          2
c - Dazzling Flash        Conj/Hex       44%        N/A       6%          3
d - Fulminant Prism       Conj/Hex       11%        3d9       21%         4
e - Iskenderun's Mystic   Conj/Tloc      22%        2d6       21%         4
f - Summon Small Mammal   Summ           88%        N/A       1%          1
Your spell library was empty.

Dungeon Overview and Level Annotations

Branches:
Dungeon (3/15)

Altars:

Shops:
D:1 =

Annotations:
D:3 Grinder


Innate Abilities, Weirdness & Mutations

You are immune to sickness and miasma.
You are immune to poison.
Your flesh is very heat resistant. (rF++)
You are vulnerable to cold. (rC-)
You float through the air rather than walking.
You learn spells naturally, not from books.
Your magical power is your life essence.
You have superior vitality. (+4 MHP)


Message History

The spell is extremely dangerous to miscast (21% risk of failure)!
Continue anyway? [Y]es or [N]o only, please.
The spell is extremely dangerous to miscast (21% risk of failure)!
Continue anyway?
Okay, then.
Casting: Fulminant Prism (extremely dangerous; 21% risk of failure)
Confirm with . or Enter, or press ? or * to list all spells.
The spell is extremely dangerous to miscast (21% risk of failure)!
Continue anyway?
Aiming: Fulminant Prism (extremely dangerous; 21% risk of failure)
Press: ? - help, Dir - move target You conjure a prism of explosive energy!
A fulminant prism comes into view.
Grinder zaps a wand.
The roots erupt in riotous growth!
Roots grab your fulminant prism. The grasping roots grab you!
The grasping roots constrict your fulminant prism.
The grasping roots constrict you.
You escape the roots grasp.
Your fulminant prism crackles loudly.
The grasping roots constrict your fulminant prism.
Your fulminant prism explodes!
You hear an angry hiss.
Grinder blinks!
Your magical contamination has completely faded away.
There is a stone staircase leading up here.
Aiming: Magic Dart (safe; 1% risk of failure)
Press: ? - help, Q - select action, (/) - cycle Shift-Dir - straight line, f - Grinder
Aim: Grinder, carrying a wand of roots (10) (100% to hit)
The magic dart hits Grinder.
Grinder is lightly wounded.
Aiming: Magic Dart (safe; 1% risk of failure)
Press: ? - help, Q - select action, (/) - cycle Shift-Dir - straight line, f/p - Grinder
Aim: Grinder, carrying a wand of roots (10) (lightly wounded, 100% to hit)
The magic dart hits Grinder but does no damage.
Grinder is lightly wounded.
Grinder blinks!
A rat comes into view.
Aiming: Magic Dart (safe; 1% risk of failure)
Press: ? - help, Q - select action, (/) - cycle Shift-Dir - straight line, f - rat
Aim: a rat (wandering, hasn't noticed you, 100% to hit)
The magic dart hits the rat.
You kill the rat!
Aiming: Magic Dart (safe; 1% risk of failure)
Press: ? - help, Q - select action, (/) - cycle Shift-Dir - straight line, f - Grinder
Aim: Grinder, carrying a wand of roots (10) (lightly wounded, 100% to hit)
You miscast Magic Dart.
You are very lightly contaminated with residual magic.
Nothing appears to happen.
* * * LOW HITPOINT WARNING * * *
Aiming: Magic Dart (safe; 1% risk of failure)
Press: ? - help, Q - select action, (/) - cycle Shift-Dir - straight line, f/p - Grinder
Aim: Grinder, carrying a wand of roots (10) (lightly wounded, 100% to hit)
The magic dart hits Grinder.
Grinder is moderately wounded.
* * * LOW HITPOINT WARNING * * *
Aiming: Magic Dart (safe; 1% risk of failure)
Press: ? - help, Q - select action, (/) - cycle Shift-Dir - straight line, f/p - Grinder
Aim: Grinder, carrying a wand of roots (10) (moderately wounded, 100% to hit)
The magic dart hits Grinder.
Grinder is moderately wounded.
* * * LOW HITPOINT WARNING * * *
Casting: Magic Dart (safe; 1% risk of failure)
Confirm with . or Enter, or press ? or * to list all spells.
Aiming: Searing Ray (safe; 3% risk of failure)
Press: ? - help, Shift-Dir - straight line, f/p - Grinder
Aim: Grinder, carrying a wand of roots (10) (moderately wounded, 75% to hit)
The searing ray hits Grinder!
Grinder is severely wounded. (Press . to maintain the ray.)
* * * LOW HITPOINT WARNING * * *
The searing ray hits Grinder.
Grinder is severely wounded.
* * * LOW HITPOINT WARNING * * *
Grinder blinks!
* * * LOW HITPOINT WARNING * * *
Aiming: Magic Dart (safe; 1% risk of failure)
Press: ? - help, Q - select action, (/) - cycle Shift-Dir - straight line, f/p - Grinder
Aim: Grinder, carrying a wand of roots (10) (severely wounded, 100% to hit)
The magic dart hits Grinder.
Grinder is almost dead.
* * * LOW HITPOINT WARNING * * *
Your magical contamination has completely faded away.
Aiming: Magic Dart (safe; 1% risk of failure)
Press: ? - help, Q - select action, (/) - cycle Shift-Dir - straight line, f/p - Grinder
Aim: Grinder, carrying a wand of roots (10) (almost dead, 100% to hit)
The magic dart hits Grinder but does no damage.
Grinder is almost dead.
* * * LOW HITPOINT WARNING * * *
Grinder zaps a wand.
The roots erupt in riotous growth!
The grasping roots grab you! The grasping roots constrict you.
* * * LOW HITPOINT WARNING * * *
Aiming: Magic Dart (safe; 1% risk of failure)
Press: ? - help, Q - select action, (/) - cycle Shift-Dir - straight line, f/p - Grinder
Aim: Grinder, carrying a wand of roots (9) (almost dead, 100% to hit)
The magic dart hits Grinder but does no damage.
Grinder is almost dead.
* * * LOW HITPOINT WARNING * * *
The grasping roots constrict you!
You die...

.#.######
...†..$.#
###.#######
#...5....@#
#.....#.#######
#..####.# #.
#.# #.# #.# #.#
..# ###


You could see Grinder.

Vanquished Creatures
  3 adders (D:2)
  A worm (D:2)
  2 dart slugs
  4 bats
  5 endoplasms (D:2)
  2 giant cockroaches (D:2)
  2 goblins
  2 hobgoblins (D:2)
  2 jackals (D:2)
  A quokka (D:1)
  6 ball pythons
  4 frilled lizards (D:2)
  A kobold (D:2)
  5 rats
40 creatures vanquished.

Vanquished Creatures (collateral kills)
  A giant cockroach (D:2)
1 creature vanquished.

Vanquished Creatures (others)
  2 fulminant prisms (D:3)
2 creatures vanquished.

Grand Total: 43 creatures vanquished

Notes
Turn   | Place    | Note
-------+----------+-------------------------------------------
     0 | D:1      | RascalDebosk the Djinni Conjurer began the quest for the
                  | Orb.
     0 | D:1      | RascalDebosk set off with the following spells memorised:
                  | Magic Dart, Searing Ray, Dazzling Flash, Fulminant Prism,
                  | Iskenderun's Mystic Blast.
     0 | D:1      | Reached XP level 1. HP: 15/15 MP: 0/0
   211 | D:1      | Found a faded altar of an unknown god.
   373 | D:1      | Found Uxonirch's Jewellery Shop.
   532 | D:1      | Reached XP level 2. HP: 15/22 MP: 0/0
  1005 | D:2      | Reached skill level 1 in Fighting
  1284 | D:2      | Reached XP level 3. HP: 26/27 MP: 0/0
  1284 | D:2      | Learned a level 1 spell: Summon Small Mammal
  1956 | D:2      | Reached skill level 4 in Spellcasting
  1956 | D:2      | Reached XP level 4. HP: 27/32 MP: 0/0
  2273 | D:3      | Noticed Grinder
  2302 | D:3      | Constricted to death by Grinder

Illustrated notes

Levels and vault maps discovered:
D:1:      minmay_arrival_diagonal_passages, layout_basic, serial_shops,
          nicolae_shop_waterfront, serial_corexii_hall,
          chequers_hall_statues_corner_a, corexii_hall_statues_l,
          chequers_hall_statues_corner_a, corexii_hall_statues_t,
          ebering_ecumenical_altar_webs
D:2:      minmay_spotlight, layout_loops_ring, minmay_split_cup_large
D:3:      wad_crossroads, layout_basic, kennysheep_generic_room_8, uniq_grinder,
          uniq_crazy_yiuf_cottage

Skill      XL: |  1  2  3 |
---------------+----------+-----
Fighting       | 1 |  1.9
Spellcasting   | 4 |  4.1
Dodging        | |  2.1
Stealth        | |  1.5

Action                   |  1- 3 |  4- 6 || total
-------------------------+-------+-------++-------
 Cast: Magic Dart        |    51 |    27 ||    78
       Searing Ray       |     4 |     1 ||     5
       Summon Small Mamm |     4 |       ||     4
       Fulminant Prism   |       |     2 ||     2
Armor: Robe              |     2 |     2 ||     4
Dodge: Dodged            |     6 |     6 ||    12
